 Dungeon Crawl Stone Soup version 0.31-a0-1370-gf52a5a9ab3 (webtiles) character file.

Game seed: 14658149586973269885

8302 grandjackal the Fighter (level 11, -2/105 HPs)
             Began as a Ghoul Monk on Dec 24, 2023.
             Was a Priest of Kikubaaqudgha.
             Slain by a vampire mosquito (8 damage)
             ... on level 11 of the Dungeon.
             The game lasted 00:11:47 (9805 turns).

grandjackal the Fighter (Ghoul Monk)                Turns: 9805, Time: 00:11:48

Health: -2/105     AC:  9    Str: 16    XL:     11   Next: 28%
Magic:  20/20      EV:  9    Int: 13    God:    Kikubaaqudgha [***...]
Gold:   422        SH:  0    Dex: 11    Spells: 0/10 levels left

rFire   . .          .
                       - Unarmed
rCold   + . .        c - orb {light}
rNeg    + + +        L - +2 leather armour {Will+}
rPois   ∞            w - +0 helmet
rElec   .            I - +2 cloak {Stlth+}
rCorr   .            (no gloves)
SInv    .            (no boots)
Will    ++...        H - amulet of Brilliance {RegenMP +Blink rPois Will+}
Stlth   +            f - ring of flight
HPRegen 0.00/turn    i - ring of magical power
MPRegen 0.57/turn

%: no passive effects
@: grasped by roots, flying, inhibited regen, glowing, constricted
A: claws 1, cold resistance 1, negative energy resistance 3, inhibited
regeneration, torment resistance 2, devour on kill
a: Renounce Religion, Evoke Blink, Unearth Wretches


You were on level 11 of the Dungeon.
You worshipped Kikubaaqudgha.
Kikubaaqudgha was most pleased with you.
You visited 2 branches of the dungeon, and saw 12 of its levels.
You also visited: Ossuary.

You collected 723 gold pieces.
You spent 301 gold pieces at shops.

Inventory:

Missiles
 A - 2 throwing nets (quivered)
Armour
 c - an orb of light (worn)
 r - a +0 ring mail
 w - a +0 helmet (worn)
 x - a +0 plate armour
 I - a +2 cloak of stealth (worn)
 L - a +2 leather armour of willpower (worn)
Jewellery
 f - a ring of flight (left claw)
 i - a ring of magical power (right claw)
 H - the amulet of Brilliance (around neck) {RegenMP +Blink rPois Will+}
   (You found it on level 6 of the Dungeon)

   [amulet of magic regeneration]

   RegenMP:   It increases your rate of magic regeneration.
   rPois:     It protects you from poison Will+: It increases your willpower.
   +Blink:    It lets you blink.
 N - a ring of wizardry
Wands
 e - a wand of acid (8)
 q - a wand of paralysis (6)
 y - a wand of mindburst (2)
Scrolls
 b - a scroll of amnesia {unknown}
 k - 5 scrolls of teleportation {unknown}
 l - 2 scrolls of poison {unknown}
 p - 2 scrolls of blinking {unknown}
 s - 5 scrolls of enchant armour {unknown}
 t - a scroll of revelation {unknown}
 u - 2 scrolls of vulnerability {unknown}
 F - 3 scrolls of fear {unknown}
 G - 3 scrolls of fog {unknown}
 K - a scroll of torment
Potions
 a - 2 potions of invisibility
 d - 3 potions of mutation
 h - 9 potions of curing
 j - 3 potions of lignification
 m - 5 potions of brilliance
 n - a potion of might
 o - 2 potions of berserk rage
 v - 3 potions of enlightenment
 z - 2 potions of attraction
 B - 2 potions of cancellation
 C - 4 potions of haste
 D - a potion of magic


   Skills:
 + Level 12.5 Fighting
 - Level 3.0 Dodging
 + Level 12.4 Unarmed Combat
 + Level 7.2 Necromancy


You couldn't memorise any spells.
You knew the following spells:

 Your Spells              Type           Power      Damage    Failure   Level
a - Kiss of Death         Conj/Necr      36%        2d8       9%          1
b - Cigotuvi's Dreadful   Necr/Alch/Air  12%        N/A       22%         2
c - Vampiric Draining     Necr           18%        2d7       6%          3
d - Dispel Undead         Necr           18%        3d11      21%         4

Your spell library contained the following spells:

 Spells                   Type           Power      Damage    Failure   Level
 Necrotise                Necr           72%        1d7       1%          1
 Lesser Beckoning         Tloc           0%         N/A       50%         2
 Mercury Vapours          Alch/Air       0%         N/A       50%         2
 Agony                    Necr           18%        N/A       50%         5
 Frozen Ramparts          Ice            0%         1d1       75%         3
 Gell's Gravitas          Tloc           0%         N/A       75%         3
 Mephitic Cloud           Conj/Alch/Air  0%         N/A       75%         3
 Stone Arrow              Conj/Erth      0%         3d7       75%         3
 Teleport Other           Tloc           0%         N/A       75%         3
 Borgnjor's Vile Clutch   Necr/Erth      4%         N/A       94%         5
 Animate Armour           Summ/Erth      0%         N/A       98%         4
 Leda's Liquefaction      Alch/Erth      0%         N/A       98%         4
 Petrify                  Alch/Erth      0%         N/A       98%         4
 Freezing Cloud           Conj/Ice/Air   0%         6-21      100%        5
 Metabolic Englaciation   Hex/Ice        0%         N/A       100%        5
 Simulacrum               Ice/Necr       4%         N/A       100%        6
 Lehudib's Crystal Spear  Conj/Erth      0%         10d2      100%        8


Dungeon Overview and Level Annotations

Branches:
Dungeon (11/15)            Temple (1/1) D:6            Lair (0/5) D:8
    Orc (0/2) D:11        Ossuary (visited)

Altars:
Ashenzari
Cheibriados
Dithmenos
Fedhas
Gozag
Hepliaklqana
Kikubaaqudgha
Makhleb
Nemelex Xobeh
Okawaru
Qazlal
Ru
Sif Muna
Trog
Uskayaw
Vehumet
Wu Jian
Xom
Yredelemnul

Shops:
D:6 [   D:8 [


Innate Abilities, Weirdness & Mutations

You are immune to poison.
You have sharp fingernails.
Your flesh is cold resistant. (rC+)
You are immune to negative energy. (rN+++)
You do not regenerate when monsters are visible.
You are immune to unholy pain and torment.
You thrive by killing the living.


Message History

* * * LOW HITPOINT WARNING * * *
The vampire mosquito bites you.
* * * LOW HITPOINT WARNING * * *
The vampire mosquito bites you but does no damage.
The vampire mosquito misses you.
You barely miss the vampire mosquito.
The vampire mosquito is moderately damaged.
The centaur zaps a wand.
The roots erupt in riotous growth!
The vampire mosquito is unaffected.
The centaur is unaffected.
The grasping roots grab you!
The centaur is unaffected. x2; The grasping roots constrict you.
* * * LOW HITPOINT WARNING * * *
The vampire mosquito bites you.
* * * LOW HITPOINT WARNING * * *
The vampire mosquito barely misses you.
You claw the vampire mosquito!
The vampire mosquito is severely damaged.
The vampire mosquito barely misses you.
The vampire mosquito bites you but does no damage.
The grasping roots constrict you.
* * * LOW HITPOINT WARNING * * *
The vampire mosquito bites you.
* * * LOW HITPOINT WARNING * * *
The vampire mosquito bites you.
* * * LOW HITPOINT WARNING * * *
You feel better. The grasping roots constrict you.
* * * LOW HITPOINT WARNING * * *
The vampire mosquito bites you.
* * * LOW HITPOINT WARNING * * *
The vampire mosquito bites you but does no damage.
The grasping roots constrict you.
* * * LOW HITPOINT WARNING * * *
The vampire mosquito bites you.
* * * LOW HITPOINT WARNING * * *
You claw the vampire mosquito!
You destroy the vampire mosquito!
Kikubaaqudgha accepts your kill. The grasping roots constrict you.
The vampire mosquito bites you!
You die...
Kikubaaqudgha rasps: "You have failed me!
Welcome... oblivion!"

#...[... .######.....
. ..........####..
.........>.....
##.#........... ### #.
#.#.....####.# ...##.#
#.###.### ##..... #.#
#†# .......##### #@#
#.#
#.........###y###.#
##......##...ccc...# .
............c.c##..# #
#.........###.##..# #
#......#..# #.##..#
#########.#......##c.#
..........##.#.......#
########..##..........


You could see a vampire mosquito and 5 centaurs.

Vanquished Creatures
  Erica (D:10)
  Pikel (D:6)
  A rime drake (D:8)
  Jeremiah (D:8)
  2 trolls (D:9)
  Grinder (D:4)
  A polar bear (D:8)
  2 wyverns
  10 yaks
  3 vampire mosquitoes (D:11)
  A water moccasin (D:6)
  2 orc warriors
  A black bear (D:4)
  6 ice beasts (D:8)
  2 wolves (D:8)
  2 ogres
  2 centaurs
  3 lemures (D:6)
  A phantom (D:5)
  5 kobold brigands
  3 bullfrogs
  A gnoll sergeant (D:10)
  10 scorpions
  An elf zombie (Ossuary)
  4 wights (D:8)
  A howler monkey (D:10)
  2 jellies
  A gnoll bouda (D:6)
  3 orc priests
  2 hounds (D:6)
  2 sleepcaps
  Ijyb (D:4)
  Terence (D:3)
  5 scorpion zombies (Ossuary)
  4 iguanas
  3 orc wizards
  3 mummies (Ossuary)
  12 gnolls
  6 adders
  A bombardier beetle (D:5)
  A shadow imp (D:5)
  2 white imps
  4 adder zombies (Ossuary)
  2 worms (D:3)
  4 dart slugs
  21 orcs
  8 bats
  10 endoplasms
  5 giant cockroaches
  A gnoll zombie (Ossuary)
  8 goblins
  4 hobgoblins (D:4)
  10 jackals
  7 quokkas
  9 ball pythons
  10 frilled lizards
  4 jackal zombies (Ossuary)
  26 kobolds
  2 kobold zombies (Ossuary)
  A quokka zombie (D:5)
  4 rats
  A rat zombie (D:5)
258 creatures vanquished.

Notes
Turn   | Place    | Note
-------+----------+-------------------------------------------
     0 | D:1      | grandjackal the Ghoul Monk began the quest for the Orb.
     0 | D:1      | Reached XP level 1. HP: 19/19 MP: 1/1
   318 | D:1      | Reached XP level 2. HP: 25/26 MP: 2/2
  1002 | D:2      | Found an ornate altar of the Wu Jian Council.
  1032 | D:2      | Reached XP level 3. HP: 33/33 MP: 3/3
  1323 | D:2      | Found a faded altar of an unknown god.
  1628 | D:3      | Reached XP level 4. HP: 28/40 MP: 4/4
  1770 | D:3      | Noticed Terence
  1780 | D:3      | Killed Terence
  2028 | D:3      | Reached XP level 5. HP: 44/47 MP: 5/5
  2121 | D:4      | Noticed an ogre
  2122 | D:4      | Noticed Grinder
  2252 | D:4      | Noticed a black bear
  2264 | D:4      | Killed a black bear
  2265 | D:4      | Reached skill level 5 in Fighting
  2265 | D:4      | Reached skill level 5 in Unarmed Combat
  2271 | D:4      | Reached XP level 6. HP: 35/56 MP: 6/6
  2577 | D:4      | Noticed Ijyb
  2592 | D:4      | Killed Ijyb
  2710 | D:4      | Reached XP level 7. HP: 63/63 MP: 7/7
  3345 | D:4      | Noticed a wyvern
  3356 | D:4      | Killed a wyvern
  3389 | D:4      | Killed Grinder
  3390 | D:4      | Reached XP level 8. HP: 35/74 MP: 8/8
  3634 | D:5      | Entered Level 5 of the Dungeon
  3895 | D:5      | Found a sand-covered staircase.
  3912 | Ossuary  | Entered an ossuary
  4446 | D:5      | Reached XP level 9. HP: 80/83 MP: 9/9
  4821 | D:5      | You are sucked into a shaft and drop 1 floor!
  4827 | D:6      | Found Zuuff's Armour Shop.
  4992 | D:6      | Identified the amulet of Brilliance {RegenMP +Blink rPois
                  | Will+}
  5045 | D:6      | Found a staircase to the Ecumenical Temple.
  5054 | Temple   | Entered the Ecumenical Temple
  5073 | Temple   | Became a worshipper of Kikubaaqudgha
  5073 | Temple   | Reached * piety under Kikubaaqudgha
  5073 | Temple   | Received a gift from Kikubaaqudgha
  5073 | Temple   | Reached ** piety under Kikubaaqudgha
  5076 | Temple   | Learned a level 1 spell: Kiss of Death
  5079 | Temple   | Learned a level 2 spell: Cigotuvi's Dreadful Rot
  5083 | Temple   | Learned a level 3 spell: Vampiric Draining
  5172 | D:6      | Noticed Pikel
  5199 | D:6      | Killed Pikel
  5200 | D:6      | Reached skill level 10 in Fighting
  5200 | D:6      | Reached skill level 10 in Unarmed Combat
  5924 | D:7      | Found an iron altar of Okawaru.
  5933 | D:7      | Found a hazy altar of Hepliaklqana.
  6740 | D:8      | Noticed a polar bear
  6752 | D:8      | Reached XP level 10. HP: 83/94 MP: 10/10
  6982 | D:8      | Found a staircase to the Lair.
  7012 | D:8      | Reached skill level 5 in Necromancy
  7195 | D:8      | Noticed Jeremiah
  7206 | D:8      | Killed Jeremiah
  7267 | D:8      | Reached *** piety under Kikubaaqudgha
  7267 | D:8      | Received a gift from Kikubaaqudgha
  7517 | D:8      | Found Ixkalul's Armour Boutique.
  7626 | D:8      | Bought a +2 cloak of stealth for 301 gold pieces
  8501 | D:9      | Reached XP level 11. HP: 85/104 MP: 11/11
  8761 | D:10     | Entered Level 10 of the Dungeon
  8782 | D:10     | Learned a level 4 spell: Dispel Undead
  8799 | D:10     | Noticed Erica
  8812 | D:10     | Killed Erica
  9751 | D:11     | Found a staircase to the Orcish Mines.
  9805 | D:11     | Slain by a vampire mosquito

Illustrated notes

Levels and vault maps discovered:
D:1:      wander_arrival_chamber, layout_loops_cross, minmay_misc_feat_hallway
D:2:      layout_loops_ring, ebering_ecumenical_altar_ruins, basic_altar,
          minmay_lizard_king
D:3:      layout_rooms, uniq_terence
D:4:      minmay_recursive_quarters, layout_loops_cross,
          mainiacjoe_sewer_entry_somewhere_in_here_1, minmay_joined_circles,
          uniq_ijyb, uniq_grinder
D:5:      layout_basic, enter_ossuary_4
D:6:      layout_rooms, minmay_temple_entry_proselytizer, serial_shops,
          nicolae_shop_statue_plus, uniq_pikel
D:7:      layout_gridville, mainiacjoe_overflow_large_starburst, serial_glass,
          glass_columns_c, glass_columns_c
D:8:      layout_layer_cave, hellmonk_lair_entry_icy, serial_shops,
          nicolae_shop_back_alley_shop, uniq_jeremiah
D:9:      layout_cave_pools
D:10:     layout_long_grid, uniq_erica
D:11:     layout_basic, orc_0_dummy, grunt_ministairs_5,
          nicolae_ru_sacrificial_ziggurat
Temple:   nicolae_temple_slightly_damp_pantheon

Skill      XL: |  1  2  3  4  5  6  7  8  9 10 11 |
---------------+----------------------------------+-----
Dodging        | 3 |  3.0
Unarmed Combat | 4 5 6 7 9 10 12 | 12.4
Fighting       | 4 5 6 7 9 10 12 | 12.5
Necromancy     | 3 6 7 |  7.2

Action                     |  1- 3 |  4- 6 |  7- 9 | 10-12 || total
---------------------------+-------+-------+-------+-------++-------
  Melee: Unarmed           |    90 |   140 |   365 |   237 ||   832
  Throw: Throwing net      |       |       |     3 |     1 ||     4
   Cast: Kiss of Death     |       |       |       |     1 ||     1
         Cigotuvi's Dreadf |       |       |       |     1 ||     1
  Evoke: Wand              |       |       |     8 |     1 ||     9
    Use: Potion            |       |       |     1 |     5 ||     6
         Scroll            |       |       |    13 |     3 ||    16
   Stab: Paralysed         |       |       |       |     5 ||     5
 Armour: Robe              |    27 |       |       |       ||    27
         Ring mail         |    13 |    85 |   243 |    81 ||   422
         Troll leather arm |       |       |       |    16 ||    16
         Leather armour    |       |       |       |    93 ||    93
  Dodge: Dodged            |    55 |    59 |   178 |   131 ||   423

Table legend: (Time is in decaauts)
 A = Elapsed time spent in this place.
 B = Non-inter-level travel time spent in this place.
 C = Inter-level travel time spent in this place.
 D = Time resting spent in this place.
 E = Time spent auto-exploring this place.
 F = Levels seen in this place.
 G = Mean time per level.
                   A        B        C        D        E       F      G
               +--------+--------+--------+--------+--------+-----+--------+
         Total |   9673 |   9330 |    343 |   1447 |   5986 |  13 |  744.1 |
       Dungeon |   9221 |   8915 |    306 |   1329 |   5813 |  11 |  838.3 |
        Temple |     47 |     10 |     37 |      0 |      0 |   1 |   47.0 |
       Ossuary |    404 |    404 |      0 |    118 |    173 |   1 |  404.0 |
               +--------+--------+--------+--------+--------+-----+--------+

Top non-repeatable levels by time:
     D:8: 1681 daAuts
     D:4: 1407 daAuts
    D:10: 935 daAuts
     D:5: 899 daAuts
     D:1: 830 daAuts
     D:6: 723 daAuts
     D:2: 712 daAuts
     D:3: 653 daAuts
     D:9: 645 daAuts
     D:7: 641 daAuts
 Ossuary: 404 daAuts
    D:11: 90 daAuts
  Temple: 47 daAuts
